 Dungeon Crawl Stone Soup version 0.31-a0-210-gccc998df9b (webtiles) character file.

Game seed: 17127565913697459158

643 spardeous the Ducker (level 7, -5/27 HPs)
             Began as a Felid Earth Elementalist on July 1, 2023.
             Was an Initiate of Gozag.
             Slain by Duvessa
             ... wielding a +0 short sword
              (11 damage)
             ... on level 5 of the Dungeon.
             The game lasted 00:10:37 (5687 turns).

spardeous the Ducker (Felid Earth Elementalist)     Turns: 5687, Time: 00:10:37

Health: -5/27      AC:  2    Str:  4    XL:     7   Next: 26%
Magic:  11/11      EV: 20    Int: 18    God:    Gozag
Gold:   506        SH:  0    Dex: 17    Spells: 6/10 levels left
                                        Lives:  0   Deaths: 2

rFire   . . .        (weapon unavailable)
rCold   . . .        (shield unavailable)
rNeg    . . .        (body armour unavailable)
rPois   .            (helmet unavailable)
rElec   .            (cloak unavailable)
rCorr   .            (gloves unavailable)
SInv    +            (boots unavailable)
Will    +....        d - amulet of regeneration
Stlth   ++           (no ring)
HPRegen 1.04/turn    (no ring)
MPRegen 0.12/turn

%: no passive effects
@: quick
A: very small, claws 1, fangs 3, see invisible, speed 1, shaggy fur 2, stealthy
paws, no weapons or thrown items, no armour, multi-lived
a: Renounce Religion, Potion Petition, Call Merchant, Bribe Branch


You were on level 5 of the Dungeon.
You worshipped Gozag.
Gozag was pleased with you.
You visited 2 branches of the dungeon, and saw 6 of its levels.

You collected 572 gold pieces.
You paid 66 gold pieces to Gozag.

Inventory:

Jewellery
 d - an amulet of regeneration (around neck)
 g - a ring of ice
 k - the amulet of Elemental Vulnerability {rPois rF-- rC-- AC+8}
   (You took it off a gnoll on level 3 of the Dungeon)

   [amulet of nothing]

   AC:        It affects your AC (+8).
   rF:        It makes you very vulnerable to fire.
   rC:        It makes you very vulnerable to cold.
   rPois:     It protects you from poison.
Wands
 x - a wand of roots (8)
Scrolls
 c - a scroll of immolation {unknown}
 f - 2 scrolls of blinking {unknown}
 j - a scroll of silence {unknown}
 m - 3 scrolls of teleportation
 p - 4 scrolls of identify {unknown}
 q - a scroll of fear {unknown}
 r - a scroll of fog {unknown}
 s - 2 scrolls of brand weapon {unknown}
 u - a scroll of enchant weapon {unknown}
 v - a scroll of noise {unknown}
 w - 2 scrolls of revelation {unknown}
Potions
 a - 2 potions of magic
 b - 3 potions of curing {unknown}
 e - a potion of degeneration {unknown}
 h - 2 potions of haste {unknown}
 i - 3 potions of heal wounds {unknown}
 l - a potion of lignification {unknown}
 n - a potion of cancellation {unknown}
 o - a potion of might {unknown}
 t - a potion of experience {unknown}
 z - a potion of enlightenment {unknown}
 A - 2 potions of mutation {unknown}


   Skills:
 + Level 6.2 Dodging
 - Level 2.6 Stealth
 - Level 2.0 Spellcasting
 - Level 5.1 Conjurations
 - Level 1.1 Transmutations
 + Level 6.0 Earth Magic


You had 6 spell levels left.
You knew the following spells:

 Your Spells              Type           Power      Damage    Failure   Level
a - Sandblast             Erth           46%        2d11      1%          1
b - Stone Arrow           Conj/Erth      42%        3d9       5%          3

Your spell library contained the following spells:

 Spells                   Type           Power      Damage    Failure   Level
 Passwall                 Tmut/Erth      11%        N/A       6%          2
 Wereblood                Tmut           5%         N/A       17%         2
 Blink                    Tloc           2%         N/A       26%         2
 Sublimation of Blood     Necr           1%         N/A       26%         2
 Petrify                  Tmut/Erth      14%        N/A       38%         4
 Manifold Assault         Tloc           1%         N/A       87%         4
 Storm Form               Tmut/Air       1%         N/A       100%        7
 Summon Hydra             Summ           0%         N/A       100%        7


Dungeon Overview and Level Annotations

Branches:
Dungeon (5/15)             Temple (1/1) D:4

Altars:
Cheibriados
Dithmenos
Fedhas
Gozag
Hepliaklqana
Kikubaaqudgha
Makhleb
Nemelex Xobeh
Okawaru
Qazlal
Ru
Trog
Uskayaw
Vehumet
Wu Jian
Xom
Yredelemnul
Zin
The Shining One

Annotations:
D:5 Duvessa


Innate Abilities, Weirdness & Mutations

You have sharp claws.
You have razor-sharp teeth.
You have supernaturally acute eyesight. (SInv)
You cover ground quickly. (Speed+)
You are covered in thick fur. (AC +2)
Your paws help you pounce on unaware monsters.
You are incapable of wielding weapons or throwing items.
You cannot wear armour.
You gain extra lives every three experience levels.


Message History

You hear a shout!
You hear a shout!
You hear a shout!
You hear a shout!
You hear a shout!
Duvessa is nearby!
Duvessa is nearby!
Duvessa is nearby!
Duvessa is nearby!
Duvessa is nearby!
Duvessa is nearby!
Duvessa rages.
Duvessa rages.
Duvessa rages.
There is an open door here.
There is a stone staircase leading up here.
Duvessa rages.
There is an open door here.
Duvessa attacks as you move away! Duvessa misses you.
Duvessa attacks as you move away! Duvessa hits you with a +0 short sword.
Duvessa attacks as you move away! Duvessa closely misses you.
Duvessa misses you.
There is an ancient bone altar of Kikubaaqudgha here.
Duvessa attacks as you move away! Duvessa hits you with a +0 short sword.
Duvessa attacks as you move away! Duvessa hits you with a +0 short sword!
Ouch! That really hurt!
* * * LOW HITPOINT WARNING * * *
There is an open door here.
Duvessa attacks as you move away! Duvessa closely misses you.
Duvessa closely misses you. Duvessa attacks as you move away!
Duvessa misses you. Duvessa attacks as you move away!
Duvessa hits you with a +0 short sword.
* * * LOW HITPOINT WARNING * * *
Duvessa attacks as you move away! Duvessa misses you.
Duvessa completely misses you.
There is a large open door here.
Duvessa attacks as you move away! Duvessa misses you.
Duvessa attacks as you move away! Duvessa hits you with a +0 short sword!
You die...
Your body crumbles into a pile of gold.

#............#..#..
###'###........####..
#.....####..........#
###.⌠.⌠.#..#..........#
#.'.._..'<.'..........#
#.#.⌠.⌠.#..#..........#
#.#.....####.......<..#
#.###'#########'##.....
#....e@..........#.....
#....#...........#.....
#....#############.....
###### ######


You could see Duvessa (berserk).

Vanquished Creatures
  Sigmund (D:3)
  A water moccasin (D:5)
  An ice beast (D:5)
  An ogre (D:4)
  A phantom (D:5)
  A scorpion (D:5)
  Dowan (D:5)
  A hound (D:2)
  A jelly (D:3)
  Crazy Yiuf (D:2)
  3 orc priests
  A sleepcap (D:5)
  An iguana (D:5)
  3 gnolls (D:3)
  5 adders
  2 worms (D:2)
  2 dart slugs
  8 orcs
  11 ball pythons
  5 bats
  7 endoplasms
  A giant cockroach (D:3)
  11 goblins
  7 hobgoblins
  8 jackals (D:2)
  5 kobolds
  6 quokkas
  4 frilled lizards
  6 rats
106 creatures vanquished.

Notes
Turn   | Place    | Note
-------+----------+-------------------------------------------
     0 | D:1      | spardeous the Felid Earth Elementalist began the quest for
                  | the Orb.
     0 | D:1      | Reached XP level 1. HP: 7/7 MP: 4/4
   379 | D:1      | Reached XP level 2. HP: 11/11 MP: 1/6
   742 | D:2      | Reached XP level 3. HP: 14/14 MP: 3/7
   957 | D:3      | Learned a level 3 spell: Stone Arrow
  1148 | D:3      | Reached XP level 4. HP: 18/18 MP: 6/8
  1607 | D:3      | Reached skill level 1 in Conjurations
  1778 | D:3      | Noticed Sigmund
  1889 | D:4      | Noticed an ogre
  2004 | D:4      | Found a stormy altar of Qazlal.
  2085 | D:4      | Killed from afar by an orc priest
  2086 | D:4      | Reached XP level 3. HP: -3/14 MP: 2/7
  2091 | D:4      | Reached XP level 4. HP: 18/18 MP: 6/8
  2184 | D:4      | Killed an ogre
  2185 | D:4      | Reached XP level 5. HP: 21/21 MP: 0/9
  2401 | D:4      | Found a staircase to the Ecumenical Temple.
  2411 | Temple   | Entered the Ecumenical Temple
  2416 | Temple   | Became a worshipper of Gozag Ym Sagoz the Greedy
  2549 | D:3      | Killed Sigmund
  2550 | D:3      | Reached skill level 5 in Conjurations
  2550 | D:3      | Gained mutation: You are covered in thick fur. (AC +2)
                  | [Felid growth]
  2550 | D:3      | Reached XP level 6. HP: 24/24 MP: 4/10
  3317 | D:2      | Found a runed translucent door.
  3318 | D:2      | Noticed Crazy Yiuf
  3696 | D:2      | Killed Crazy Yiuf
  4604 | D:5      | Entered Level 5 of the Dungeon
  4605 | D:5      | Found an ancient bone altar of Kikubaaqudgha.
  4614 | D:5      | Reached XP level 7. HP: 27/27 MP: 4/11
  4755 | D:5      | Noticed Duvessa
  4790 | D:5      | Reached skill level 5 in Earth Magic
  4816 | D:5      | Noticed Dowan
  4834 | D:5      | Killed Dowan
  5194 | D:5      | Succumbed to a water moccasin's poison
  5195 | D:5      | Reached XP level 6. HP: -2/24 MP: 2/10
  5195 | D:5      | Reached skill level 5 in Dodging
  5199 | D:5      | Noticed an ice beast
  5202 | D:5      | Reached XP level 7. HP: 27/27 MP: 4/11
  5687 | D:5      | Slain by Duvessa

Illustrated notes

Levels and vault maps discovered:
D:1:      minmay_arrival_stair_chambers, layout_basic
D:2:      layout_loops_cross, minmay_tromino_v4_c, uniq_crazy_yiuf_cottage
D:3:      layout_basic, minmay_goblin_kobold_house, uniq_sigmund
D:4:      layout_basic, grunt_qazlal_clouds, minmay_temple_entry_proselytizer,
          minmay_misc_feat_square
D:5:      layout_gridville, kennysheep_little_box, uniq_duvessa
Temple:   sentei_temple_godly_chess

Skill      XL: |  1  2  3  4  5  6  7 |
---------------+----------------------+-----
Earth Magic    | 3 4 6 |  6.0
Conjurations   | 3 5 |  5.1
Dodging        | 5 6 |  6.2
Stealth        | |  2.6
Spellcasting   | |  2.0
Transmutations | |  1.1

Action                     |  1- 3 |  4- 6 |  7- 9 || total
---------------------------+-------+-------+-------++-------
  Melee: Unarmed           |     4 |     5 |       ||     9
         Bite              |     2 |     1 |       ||     3
   Cast: Sandblast         |    49 |   115 |    30 ||   194
         Stone Arrow       |       |    11 |     9 ||    20
    Use: Scroll            |       |       |     1 ||     1
 Armour: Skin              |     1 |     1 |       ||     2
  Dodge: Dodged            |    12 |    23 |    23 ||    58

Table legend: (Time is in decaauts)
 A = Elapsed time spent in this place.
 B = Non-inter-level travel time spent in this place.
 C = Inter-level travel time spent in this place.
 D = Time resting spent in this place.
 E = Time spent auto-exploring this place.
 F = Levels seen in this place.
 G = Mean time per level.
                   A        B        C        D        E       F      G
               +--------+--------+--------+--------+--------+-----+--------+
         Total |   5065 |   4868 |    197 |    288 |   3533 |   6 |  844.2 |
       Dungeon |   5055 |   4862 |    193 |    288 |   3533 |   5 | 1011.0 |
        Temple |      9 |      5 |      4 |      0 |      0 |   1 |    9.0 |
               +--------+--------+--------+--------+--------+-----+--------+

Top non-repeatable levels by time:
     D:3: 1181 daAuts
     D:2: 1132 daAuts
     D:1: 1071 daAuts
     D:5: 904 daAuts
     D:4: 766 daAuts
  Temple: 9 daAuts
